 Dungeon Crawl Stone Soup version 0.18.1-8-gdd0e5ea (webtiles) character file.

4801 Gagarin the Cleaver (level 10, 0/132 HPs)
             Began as a Hill Orc Fighter on June 12, 2016.
             Was a Believer of Okawaru.
             Slain by a hill giant
             ... wielding a +0 giant spiked club
              (35 damage)
             ... on level 9 of the Dungeon.
             The game lasted 00:29:06 (10495 turns).

Gagarin the Cleaver (Hill Orc Fighter)             Turns: 10495, Time: 00:29:07

Health: 0/132      AC: 18    Str: 28    XL:     10   Next: 48%
Magic:  10/10      EV: 15    Int:  8    God:    Okawaru [**....]
Gold:   181        SH: 12    Dex: 15    Spells: 0 memorised, 9 levels left

rFire  + . .     SeeInvis .     U - +0 broad axe
rCold  . . .     Gourm    .     a - +3 chain mail
rNeg   . . .     Faith    .     c - +0 shield
rPois  .         Spirit   .     (no helmet)
rElec  .         Dismiss  .     G - +2 cloak {+Inv}
rCorr  .         Reflect  .     (no gloves)
SustAt .         Harm     .     K - +0 pair of boots
MR     .....                    v - amulet of rage
Stlth  ..........               m - ring of protection from fire
                                e - ring of flight

@: agile, berserking, very quick, not resistant to hostile enchantments,
extremely unstealthy
A: no striking features
a: Heroism, Renounce Religion, Evoke Berserk Rage, Evoke Invisibility, Evoke
Flight


You were on level 9 of the Dungeon.
You worshipped Okawaru.
Okawaru was pleased with you.
You were hungry.

You visited 2 branches of the dungeon, and saw 10 of its levels.
You also visited: Sewer and Ossuary.

You collected 430 gold pieces.
You spent 249 gold pieces at shops.

Inventory:

Hand Weapons
 T - a +0 hand crossbow of flaming
 U - a +0 broad axe (weapon)
Missiles
 o - 33 bolts
 L - 3 poisoned tomahawks (quivered)
Armour
 a - a +3 chain mail (worn)
 c - a +0 shield (worn)
 p - a +0 plate armour
 G - a +2 cloak of invisibility (worn)
 K - a +0 pair of boots (worn)
Jewellery
 e - a ring of flight (left hand)
 i - an uncursed ring of wizardry
 m - a ring of protection from fire (right hand)
 r - an uncursed ring of magical power
 s - an uncursed ring of fire
 v - an amulet of rage (around neck)
 O - the ring of Hadwajik {*Tele rC+, unknown}
   (You found it on level 5 of the Dungeon)

   [ring of teleportation]

   It may teleport you next to monsters.
   It protects you from cold.
Wands
 g - a wand of iceblast (0/15)
Scrolls
 f - a scroll of random uselessness {unknown}
 h - 2 scrolls of enchant weapon
 l - 4 scrolls of remove curse
 n - 2 scrolls of amnesia
 q - a scroll of vulnerability {unknown}
 t - 2 scrolls of enchant armour {unknown}
 u - 6 scrolls of identify
 w - a scroll of magic mapping
 C - a scroll of immolation {unknown}
 D - 2 scrolls of fear {unknown}
 E - a scroll of fog {unknown}
 J - 4 scrolls of teleportation {unknown}
 P - a scroll of blinking {unknown}
 S - 2 scrolls of recharging {unknown}
Potions
 b - a potion of lignification {unknown}
 d - a potion of agility
 j - 2 potions of curing
 k - 4 potions of cure mutation
 x - 3 potions of flight {unknown}
 z - 5 potions of invisibility
 F - 2 potions of magic
 Q - 2 potions of haste {unknown}
 R - a potion of might
Books
 I - a book of Cantrips

   Spells                             Type                      Level
   a - Corona                         Hexes                        1
   b - Animate Skeleton               Necromancy                   1
   c - Summon Small Mammal            Summoning                    1
   d - Apportation                    Translocation                1
Comestibles
 A - 10 bread rations
 B - 2 fruits
 M - 6 meat rations


   Skills:
 + Level 8.1 Fighting
 + Level 10.4 Axes
 + Level 1.2 Crossbows
 + Level 8.2 Armour
 + Level 4.6 Dodging
 + Level 1.0 Stealth
 + Level 8.1 Shields
 + Level 0.2 Evocations


You had 9 spell levels left.
You didn't know any spells.

Dungeon Overview and Level Annotations

Branches:
Dungeon (9/15)             Temple (1/1) D:4
   Lair: D:8-11         Orc: D:9-12

Altars:
Ashenzari
Cheibriados
Dithmenos
Elyvilon
Fedhas
Gozag
Kikubaaqudgha
Makhleb
Nemelex Xobeh
Okawaru
Pakellas
Qazlal
Ru
Sif Muna
Trog
Vehumet
Xom
Yredelemnul
Zin
The Shining One

Shops:
D:5 %   D:6 =[((


Message History

You slash the hill giant!
The hill giant is severely wounded.
The hill giant hits you with a giant spiked club!!
You barely miss the hill giant.
The hill giant is severely wounded.
The hill giant hits you with a giant spiked club!
* * * LOW HITPOINT WARNING * * *
Evoke which item? (* to show all) (? for menu, Esc to quit)
Okay, then.
Read which item? (? for menu, Esc to quit)
Okay, then.
Drink which item? (? for menu, Esc to quit)
You feel agile all of a sudden. You block the hill giant's attack.
There is an open door here.
There is an open door here.
A red film seems to cover your vision as you go berserk!
You feel yourself moving faster!
You feel mighty!
The hill giant hits you with a giant spiked club!!
You die...

########## #........#
#........# #........#
########## #........#
#........#
#.....)).######........#
#....))<.'.@C.'........+
#...<....######........#
#........# ####'#####
##+####### #..# ##.###
#...# ###.# #.#
########.####


You could see a hill giant.

Vanquished Creatures
  The ghost of Malvoorn the Grappler, a novice TrMo (D:8)
  A spriggan (D:8)
  Eustachio (D:5)
  Menkaure (D:5)
  A water moccasin (D:7)
  2 phantoms
  Purgy (Sewer)
  A black bear (D:6)
  2 ice beasts
  4 ogres
  2 centaurs
  4 giant frogs
  12 scorpions
  A water moccasin skeleton (D:5)
  4 wights (D:9)
  The ghost of mikered the Shooter, a weakling HEHu (D:3)
  2 howler monkeys
  5 crimson imps
  A centaur zombie (Ossuary)
  A jelly (D:6)
  A giant frog zombie (D:7)
  A human zombie (Ossuary)
  4 orc priests
  5 hounds
  7 orc wizards
  4 iguanas
  5 worker ants
  4 big kobold zombies (Ossuary)
  3 mummies (Ossuary)
  A worker ant zombie (D:7)
  6 gnolls (D:4)
  5 scorpion zombies (Ossuary)
  12 adders
  2 river rats (D:6)
  An ooze (D:1)
  4 adder skeletons
  2 worms (D:4)
  2 dart slugs
  4 giant geckos
  23 orcs
  2 bats
  5 giant cockroaches
  11 goblins
  9 hobgoblins
  17 jackals
  8 kobolds
  2 quokkas
  4 ball pythons
  10 giant newts
  A gnoll zombie (Ossuary)
  3 hobgoblin zombies (Ossuary)
  2 kobold zombies (Ossuary)
  2 orc zombies (Ossuary)
  A quokka skeleton (D:4)
  5 rats
226 creatures vanquished.

Vanquished Creatures (others)
  A human zombie (Ossuary)
  A goblin zombie (Ossuary)
2 creatures vanquished.

Grand Total: 228 creatures vanquished

Notes
Turn   | Place    | Note
--------------------------------------------------------------
     0 | D:1      | Gagarin the Hill Orc Fighter began the quest for the Orb.
     0 | D:1      | Reached XP level 1. HP: 19/19 MP: 1/1
    50 | D:1      | Reached XP level 2. HP: 20/27 MP: 2/2
   517 | D:1      | Reached XP level 3. HP: 26/33 MP: 3/3
  1563 | D:3      | Reached skill level 3 in Axes
  1563 | D:3      | Reached XP level 4. HP: 21/40 MP: 4/4
  1563 | D:3      | Reached skill level 1 in Dodging
  1700 | D:3      | Reached XP level 5. HP: 11/47 MP: 5/5
  1724 | D:3      | Noticed mikered's ghost (weakling HEHu)
  2287 | D:3      | Killed mikered's ghost
  2494 | D:3      | Reached XP level 6. HP: 30/55 MP: 6/6
  2527 | D:3      | Reached skill level 4 in Axes
  3175 | D:4      | Found a sand-covered staircase.
  3192 | Ossuary  | Entered an ossuary
  3209 | Ossuary  | Reached skill level 5 in Fighting
  3232 | Ossuary  | Reached skill level 5 in Armour
  3289 | Ossuary  | Reached XP level 7. HP: 41/61 MP: 7/7
  3555 | Ossuary  | Reached skill level 5 in Axes
  3565 | Ossuary  | Reached skill level 5 in Shields
  4002 | Ossuary  | Reached XP level 8. HP: 42/70 MP: 8/8
  4682 | D:4      | Reached skill level 6 in Axes
  4691 | D:4      | Found an opulent altar of Gozag.
  4691 | D:4      | Found a blossoming altar of Fedhas.
  4692 | D:4      | Found a basalt altar of Yredelemnul.
  5227 | D:4      | Reached skill level 7 in Axes
  5249 | D:4      | Found a snail-covered altar of Cheibriados.
  5312 | D:4      | Found a staircase to the Ecumenical Temple.
  5325 | Temple   | Entered the Ecumenical Temple
  5345 | Temple   | Became a worshipper of Warmaster Okawaru
  5696 | D:4      | Found an opulent altar of Gozag.
  5802 | D:5      | Entered Level 5 of the Dungeon
  5921 | D:5      | Noticed Menkaure
  5923 | D:5      | Killed Menkaure
  5923 | D:5      | Reached XP level 9. HP: 76/78 MP: 9/9
  5925 | D:5      | Found Noal's Food Boutique.
  5929 | D:5      | Noticed Eustachio
  5942 | D:5      | Killed Eustachio
  5956 | D:5      | Bought a meat ration for 55 gold pieces
  5956 | D:5      | Bought a meat ration for 55 gold pieces
  5956 | D:5      | Bought a bread ration for 55 gold pieces
  6065 | D:5      | Reached skill level 8 in Axes
  6402 | D:5      | Got a vibrating tin ring
  6757 | D:6      | Found Wemuq's Antique Armour Emporium.
  6783 | D:6      | Found Soomur's Weapon Boutique.
  6822 | D:6      | Found Tiraoma's Jewellery Shop.
  6837 | D:6      | Reached * piety under Okawaru
  6868 | D:6      | Reached skill level 9 in Axes
  6880 | D:6      | Found a glowing drain.
  6884 | Sewer    | Entered a sewer
  6933 | Sewer    | Noticed Purgy
  6946 | Sewer    | Killed Purgy
  7169 | D:6      | Found Busas's Antique Weapon Boutique.
  7172 | D:6      | Bought a glowing hand crossbow for 84 gold pieces
  8343 | D:7      | Reached XP level 10. HP: 86/86 MP: 10/10
  8838 | D:8      | Noticed Malvoorn's ghost (novice TrMo)
  9318 | D:8      | Reached skill level 10 in Axes
  9318 | D:8      | Reached skill level 1 in Crossbows
  9739 | D:8      | Killed Malvoorn's ghost
  9739 | D:8      | Reached ** piety under Okawaru
  9739 | D:8      | Reached skill level 1 in Stealth
 10040 | D:8      | Found a shadowy altar of Dithmenos.
 10042 | D:8      | Found a shattered altar of Ashenzari.
 10042 | D:8      | Found a shimmering altar of Xom.
 10159 | D:8      | Found a radiant altar of Vehumet.
 10460 | D:9      | Noticed a hill giant
 10495 | D:9      | Slain by a hill giant

Skill      XL: |  1  2  3  4  5  6  7  8  9 10 |
---------------+-------------------------------+-----
Fighting       | 4 5 6 7 8 |  8.1
Armour         | 4 5 6 7 8 |  8.2
Axes           | 3 4 5 7 9 10 | 10.4
Dodging        | 1 2 3 4 |  4.6
Shields        | 4 5 6 7 8 |  8.1
Crossbows      | 1 |  1.2
Stealth        | 1 |  1.0
Evocations     | |  0.2

Action                   |  1- 3 |  4- 6 |  7- 9 | 10-12 || total
-------------------------+-------+-------+-------+-------++-------
Melee: War axe           |   131 |   190 |   439 |       ||   760
       Broad axe         |       |       |    65 |   155 ||   220
 Fire: Hand crossbow     |       |       |     6 |    14 ||    20
Throw: Javelin           |       |       |     1 |       ||     1
 Abil: Evoke Berserk Rag |       |       |       |     1 ||     1
Evoke: Wand              |       |       |     2 |       ||     2
  Use: Scroll            |       |     2 |     2 |       ||     4
       Potion            |       |     2 |     8 |     8 ||    18
  Eat: Chunk             |     2 |     4 |    14 |     6 ||    26
       Beef jerky        |       |     1 |       |       ||     1
       Bread ration      |       |       |     1 |       ||     1
Armor: Scale mail        |    67 |   100 |   177 |    42 ||   386
       Chain mail        |       |       |       |    20 ||    20
Dodge: Dodged            |    30 |    52 |   193 |    39 ||   314
Block: Shield            |    86 |    76 |   247 |    81 ||   490
